 Dungeon Crawl Stone Soup version 0.21-a0-142-gdd972a7 (webtiles) character file.

605 drasked the Magician (level 7, 0/49 HPs)
             Began as a Spriggan Fire Elementalist on July 24, 2017.
             Succumbed to a killer bee's poison
             ... on level 4 of the Dungeon.
             The game lasted 00:20:40 (4344 turns).

drasked the Magician (Spriggan Fire Elementalist)   Turns: 4344, Time: 00:20:42

Health: 0/49       AC: 23    Str:  4    XL:     7   Next: 19%
Magic:  1/16       EV:  4    Int: 19    God:
Gold:   268        SH:  0    Dex: 16    Spells: 6/17 levels left

rFire    . . .     SeeInvis +   g - +3 dagger (protect)
rCold    . . .     Gourm    .   (shield restricted)
rNeg     + + +     Faith    .   (armour currently unavailable)
rPois    +         Spirit   .   (helmet currently unavailable)
rElec    .         Reflect  .   (cloak currently unavailable)
rCorr    .         Harm     +   (gloves unavailable)
MR       +....     NoTele   +   (boots unavailable)
Stlth    ++........             p - amulet of harm
HPRegen  0.16/turn              (no ring)
MPRegen  0.15/turn              (no ring)

@: lethally poisoned (0 -> -12), tree-form, very slightly contaminated
A: unfitting armour, see invisible, herbivore 3, slow metabolism 2
a: no special abilities


You were on level 4 of the Dungeon.
You were not hungry.
You were a tree.
You visited 1 branch of the dungeon, and saw 5 of its levels.

You collected 268 gold pieces.

Inventory:

Hand Weapons
 g - a +3 dagger of protection (weapon)
   (You took it off a goblin on level 2 of the Dungeon)
Missiles
 k - 2 throwing nets {=f, !d}
Armour
 a - a +0 robe (melded)
 l - a +1 cloak (melded)
   (You took it off Crazy Yiuf on level 2 of the Dungeon)
Magical Staves
 f - an uncursed staff of conjuration {!a}
   (You found it on level 4 of the Dungeon)
Jewellery
 p - an amulet of harm (around neck)
   (You found it on level 5 of the Dungeon)
Wands
 m - a wand of digging (10/24)
   (You found it on level 2 of the Dungeon)
 o - a wand of confusion (4/48)
   (You found it on level 3 of the Dungeon)
 s - a wand of confusion (20/48)
   (You found it on level 3 of the Dungeon)
Scrolls
 h - 5 scrolls of identify
 i - 2 scrolls of fog
 j - a scroll of fear {unknown}
Potions
 t - 3 potions of magic
Books
 b - a book of Flames
 n - a book of Misfortune
   (You found it on level 2 of the Dungeon)
Comestibles
 c - 3 bread rations {@e1}
 d - a royal jelly
 v - 4 fruits


   Skills:
 - Level 1.3 Fighting
 - Level 4.4 Dodging
 - Level 3.0 Stealth
 - Level 5.7 Spellcasting
 - Level 1.7 Conjurations
 + Level 3.4 Hexes
 + Level 4.3 Translocations
 - Level 3.0 Fire Magic


You had 6 spell levels left.
You knew the following spells:

 Your Spells              Type           Power        Failure   Level  Hunger
a - Flame Tongue          Conj/Fire      ##...        4%          1    None
b - Gell's Gravitas       Tloc           ###.......   6%          3    ##.....
c - Confuse               Hex            ###.....     9%          3    ##.....
s - Sticky Flame          Conj/Fire      ##......     38%         4    ####...


Dungeon Overview and Level Annotations

Branches:
Dungeon (5/15)
 Temple: D:4-7

Altars:
Gozag
Hepliaklqana
Qazlal
Ru
Sif Muna
Trog
Uskayaw
Wu Jian
Xom


Innate Abilities, Weirdness & Mutations

You are very small and have problems with some larger weapons.
You are too small for most types of armour.
You have supernaturally acute eyesight. (SInv)
You are a herbivore.
((You cover ground extremely quickly.))
You need consume almost no food.


Message History

Wield which item (- for none, * to show all)? (? for menu, Esc to quit)
Your +3 dagger of protection hums with potential!
g - a +3 dagger of protection (weapon)
You open the door.
The ogre shouts!
The killer bee buzzes angrily.
You hear an angry buzzing noise. x2
A killer bee comes into view.
Aim: a killer bee The flame tongue hits the killer bee.
The killer bee stings you.
The killer bee moves out of view.
The killer bee completely misses you.
You take 6 damage, and have 27/33 hp.
You now have 9/16 mp.
Aim: a killer bee (almost dead)
The flame tongue hits the killer bee.
You kill the killer bee!
Your Hexes skill increases to level 3!
Your Translocations skill increases to level 4!
A killer bee comes into view.
You now have 8/16 mp.
Aim: a killer bee (hasn't noticed you)
The flame tongue hits the killer bee.
The killer bee buzzes angrily.
You hear a shout!
The killer bee misses you. x2; The killer bee barely misses you.
The killer bee completely misses you.
Aim: a killer bee (severely wounded)
The flame tongue misses the killer bee.
The killer bee stings you! The killer bee misses you.
The killer bee completely misses you. The killer bee misses you.
An orc comes into view.
You take 10 damage, and have 17/33 hp.
MASSIVE DAMAGE!!
You now have 7/16 mp.
The killer bee barely misses you. The killer bee closely misses you.
Aim: a killer bee (severely wounded)
The flame tongue hits the killer bee.
The killer bee completely misses you. The killer bee closely misses you. x3
You now have 6/16 mp.
Aim: a killer bee (almost dead)
The flame tongue misses the killer bee.
The killer bee misses you. The killer bee barely misses you.
The killer bee closely misses you. x2
You now have 5/16 mp.
Aim: a killer bee (almost dead)
The flame tongue misses the killer bee.
The killer bee closely misses you.
The killer bee stings you but does no damage. x2
The killer bee misses you.
You now have 4/16 mp.
Aim: a killer bee (almost dead)
You miscast Flame Tongue.
You are very lightly contaminated with residual magic.
Nothing appears to happen.
The killer bee completely misses you. The killer bee closely misses you.
The killer bee barely misses you. The killer bee closely misses you.
Aim: a killer bee (almost dead)
The flame tongue hits the killer bee.
You kill the killer bee!
The killer bee stings you. The ogre misses you. The killer bee stings you!
* * * LOW HITPOINT WARNING * * *
You are lethally poisoned!
The killer bee poisons you!
You take 15 damage, and have 3/33 hp.
MASSIVE DAMAGE!!
You now have 3/16 mp.
* * * LOW HITPOINT WARNING * * *
You feel sick.
You take 1 damage, and have 2/33 hp.
It was a potion of heal wounds.
You feel much better.
You feel sick. The killer bee stings you!
You are more poisoned.
The killer bee poisons you! The killer bee misses you.
You regained 16 hp, and now have 18/33 hp.
You feel sick.
You take 1 damage, and have 17/33 hp.
You feel sick.
You feel sick. The killer bee closely misses you.
You take 1 damage, and have 16/33 hp.
You feel sick.
You take 1 damage, and have 15/33 hp.
You feel sick. The killer bee completely misses you.
There is a stone staircase leading up here.
You take 1 damage, and have 14/33 hp.
You feel sick. The killer bee misses you. The killer bee stings you!
* * * LOW HITPOINT WARNING * * *
You are more poisoned.
The killer bee poisons you!
You climb upwards.
* * * LOW HITPOINT WARNING * * *
You feel sick.
There is a stone staircase leading down here.
You take 11 damage, and have 3/33 hp.
MASSIVE DAMAGE!!
Sorry, you're not good enough to have a special ability.
Unknown command.
Aim: a killer bee (chance to defeat MR: 57%)
The killer bee appears confused.
* * * LOW HITPOINT WARNING * * *
You feel sick.
You take 2 damage, and have 1/33 hp.
You now have 1/16 mp.
Really quaff
q - a potion of lignification {!q}?
You turn into a tree.
Your +1 cloak melds into your body.
Your +0 robe melds into your body.
Your roots penetrate the ground.
You die...

##.##.#####.#..........# #..#
#..)........#..........# #.##
#..##.####..#..........# #.#.
#..##.####..#..........# #.#.
#..##.##.#..#..........# #.##
#..##.##....#.####.##.## ##.##
#..##.##.#..#.# #.##..###..##
#..##.##.##.#.####..##......#.
##).[..##...y.♣................
#...#..#####.#######.##..##..#.
#.###..# #.............#...#.
#.# #..# ##########.##.......
#.# #..# #..#...#.## #.# #..#
##.##.##.# #.# #..#############
#.##.##.## #.#
#.......%.))...###.##...... #.#
#.############.#.........##


You could see a killer bee (confused).

Vanquished Creatures
  Sigmund (D:3)
  An ogre (D:5)
  2 killer bees (D:5)
  Crazy Yiuf (D:2)
  A hound (D:4)
  An orc wizard (D:4)
  Robin (D:3)
  4 gnolls (D:4)
  3 adders
  An ooze (D:2)
  7 worms
  2 dart slugs
  3 orcs
  5 bats
  4 giant cockroaches
  7 hobgoblins
  8 ball pythons
  4 frilled lizards
  12 goblins
  5 kobolds
  7 rats
80 creatures vanquished.

Notes
Turn   | Place    | Note
-------+----------+-------------------------------------------
     0 | D:1      | drasked the Spriggan Fire Elementalist began the quest for the Orb.
     0 | D:1      | Reached XP level 1. HP: 9/9 MP: 5/5
    83 | D:1      | Reached skill level 1 in Conjurations
   225 | D:1      | Reached skill level 3 in Spellcasting
   354 | D:1      | Reached XP level 2. HP: 13/13 MP: 4/7
  1046 | D:2      | Reached skill level 4 in Spellcasting
  1220 | D:2      | Reached XP level 3. HP: 16/16 MP: 1/9
  1374 | D:2      | Found an ornate altar of the Wu Jian Council.
  1443 | D:2      | Found a transporter.
  1470 | D:2      | Found a hazy altar of Hepliaklqana.
  1588 | D:2      | Found a shimmering altar of Xom.
  1687 | D:2      | Found a transporter.
  1814 | D:2      | Found a runed door.
  1818 | D:2      | Noticed Crazy Yiuf
  1824 | D:2      | Killed Crazy Yiuf
  1824 | D:2      | Reached skill level 5 in Spellcasting
  1824 | D:2      | Reached XP level 4. HP: 21/21 MP: 8/12
  2155 | D:3      | Found a deep blue altar of Sif Muna.
  2155 | D:3      | Found an opulent altar of Gozag.
  2155 | D:3      | Found a stormy altar of Qazlal.
  2155 | D:3      | Noticed Robin
  2168 | D:3      | Noticed Sigmund
  2175 | D:3      | HP: 5/21 [Sigmund/scythe (10)]
  2182 | D:3      | Killed Sigmund
  2182 | D:3      | Reached skill level 1 in Fighting
  2182 | D:3      | Reached skill level 4 in Dodging
  2182 | D:3      | Reached skill level 3 in Fire Magic
  2182 | D:3      | Reached XP level 5. HP: 7/25 MP: 0/14
  2182 | D:3      | Reached XP level 6. HP: 8/30 MP: 0/15
  2468 | D:3      | Killed Robin
  3252 | D:4      | Learned a level 3 spell: Confuse
  3256 | D:4      | Learned a level 3 spell: Gell's Gravitas
  3261 | D:4      | Learned a level 4 spell: Sticky Flame
  3293 | D:4      | Reached skill level 1 in Translocations
  3296 | D:4      | Reached skill level 1 in Hexes
  3429 | D:4      | HP: 6/30 [orc wizard/puff of flame (3)]
  3717 | D:4      | Reached skill level 2 in Translocations
  3851 | D:4      | Reached skill level 2 in Hexes
  3860 | D:4      | Found a hide-covered altar of Uskayaw.
  3861 | D:4      | Found a bloodstained altar of Trog.
  3981 | D:4      | Found a sacrificial altar of Ru.
  4227 | D:5      | Entered Level 5 of the Dungeon
  4294 | D:5      | Reached skill level 3 in Translocations
  4294 | D:5      | Reached XP level 7. HP: 33/33 MP: 8/16
  4319 | D:5      | Reached skill level 3 in Hexes
  4319 | D:5      | Reached skill level 4 in Translocations
  4329 | D:5      | HP: 3/33 [killer bee (8)]
  4341 | D:5      | HP: 5/33 [killer bee (8)]
  4343 | D:4      | HP: 1/33 [poisoned by a killer bee]
  4344 | D:4      | Succumbed to a killer bee's poison

Vault maps used:
D:1:      tarquinn_simple_flora_water_a, kennysheep_nondescript
D:2:      gammafunk_temple_overflow_arena, xom_teletrap_fun,
          nicolae_overflow_hidden_temple, uniq_crazy_yiuf_cottage
D:3:      grunt_temple_overflow_open, uniq_sigmund, uniq_robin
D:4:      gammafunk_temple_overflow_pools, nicolae_ru_sacrificial_ziggurat
D:5:      nicolae_overflow_crystal_walls, fedhas_altar_2, first_bread,
          hangedman_decor_lopped, corexii_shack, kennysheep_generic_room_11

Skill      XL: |  1  2  3  4  5  6  7 |
---------------+----------------------+-----
Conjurations   | 1 |  1.7
Spellcasting   | 3 4 5 |  5.7
Fighting       | 1 |  1.3
Dodging        | 4 |  4.4
Fire Magic     | 3 |  3.0
Translocations | 3 4 |  4.3
Hexes          | 2 3 |  3.4
Stealth        | |  3.0

Action                   |  1- 3 |  4- 6 |  7- 9 || total
-------------------------+-------+-------+-------++-------
Melee: Dagger            |    10 |     7 |       ||    17
       Whip              |     3 |       |       ||     3
 Cast: Flame Tongue      |    84 |    90 |     9 ||   183
       Confuse           |       |       |     1 ||     1
Evoke: Wand              |       |     2 |       ||     2
  Use: Scroll            |       |     9 |       ||     9
       Potion            |       |       |     2 ||     2
 Stab: Sleeping          |     6 |     4 |       ||    10
       Confused          |       |     1 |       ||     1
Armor: Robe              |     4 |     8 |     2 ||    14
Dodge: Dodged            |    36 |    39 |    29 ||   104

Vault maps used:
D:1:      tarquinn_simple_flora_water_a, kennysheep_nondescript
D:2:      gammafunk_temple_overflow_arena, xom_teletrap_fun,
          nicolae_overflow_hidden_temple, uniq_crazy_yiuf_cottage
D:3:      grunt_temple_overflow_open, uniq_sigmund, uniq_robin
D:4:      gammafunk_temple_overflow_pools, nicolae_ru_sacrificial_ziggurat
D:5:      nicolae_overflow_crystal_walls, fedhas_altar_2, first_bread,
          hangedman_decor_lopped, corexii_shack, kennysheep_generic_room_11

Table legend:
 A = Turns spent in this place as a percentage of turns spent in the entire game.
 B = Non-inter-level travel turns spent in this place as a percentage of non-inter-level travel turns spent in the entire game.
 C = Inter-level travel turns spent in this place as a percentage of turns spent in this place.
 D = Turns resting spent in this place as a percentage of non-inter-level travel turns spent in this place.
 E = Turns spent auto-exploring this place as a percentage of non-inter-level travel turns spent in this place.
 F = Non-inter-level travel turns spent in this place divided by the number of levels of this place that you've seen.
                   A       B       C       D       E      F
               +-------+-------+-------+-------+-------+----------------------
         Total | 100.0 | 100.0 |   0.6 |   4.0 |   9.7 | 249.2
       Dungeon | 100.0 | 100.0 |   0.6 |   4.0 |   9.7 | 249.2
               +-------+-------+-------+-------+-------+----------------------

Table legend:
 A = Kills in this place as a percentage of kills in entire the game.
 B = Kills by you in this place as a percentage of kills by you in the entire game.
 C = Kills by friends in this place as a percentage of kills by friends in the entire game.
 D = Other kills in this place as a percentage of other kills in the entire game.
 E = Experience gained in this place as a percentage of experience gained in the entire game.
 F = Experience gained in this place divided by the number of levels of this place that you have seen.
                   A       B       C       D       E      F
               +-------+-------+-------+-------+-------+----------------------
         Total | 100.0 | 100.0 |  -nan |  -nan | 100.0 | 173.0
       Dungeon | 100.0 | 100.0 |  -nan |  -nan | 100.0 | 173.0
               +-------+-------+-------+-------+-------+----------------------
